 Dungeon Crawl Stone Soup version 0.30.1-11-g7821555f0a (webtiles) character file.

Game seed: 3735005027265754820

32 Unglued128 the Grave Robber (level 3, -5/25 HPs)
             Began as a Gnoll Necromancer on Nov 18, 2023.
             Slain by a worm (8 damage)
             ... on level 2 of the Dungeon.
             The game lasted 00:04:48 (983 turns).

Unglued128 the Grave Robber (Gnoll Necromancer)      Turns: 983, Time: 00:04:49

Health: -5/25      AC:  4    Str:  7    XL:     3   Next: 25%
Magic:  9/9        EV:  6    Int: 16    God:
Gold:   96         SH: 10    Dex: 12    Spells: 11/12 levels left

rFire   . . .        g - +2 short sword (speed)
rCold   . . .        e - +0 tower shield
rNeg    . . .        a - +0 robe
rPois   .            d - +1 helmet
rElec   .            (no cloak)
rCorr   .            (no gloves)
SInv    .            (no boots)
Will    .....        (no amulet)
Stlth   ++           (no ring)
HPRegen 0.24/turn    (no ring)
MPRegen 0.11/turn

%: no passive effects
@: lethally poisoned (-5 -> -10), invisible
A: fangs 1, strong nose, distributed training
a: no special abilities


You were on level 2 of the Dungeon.
You visited 1 branch of the dungeon, and saw 2 of its levels.

You collected 96 gold pieces.

Inventory:

Hand Weapons
 f - a +0 whip
 g - a +2 short sword of speed (weapon)
Armour
 a - a +0 robe (worn)
 d - a +1 helmet (worn)
 e - a +0 tower shield (worn)
Scrolls
 c - a scroll of identify {unknown}
Potions
 b - a potion of magic
 j - a potion of brilliance {unknown}


   Skills:
 + Level 0.7 Fighting
 + Level 0.7 Short Blades
 + Level 0.7 Long Blades
 + Level 0.7 Axes
 + Level 0.7 Maces & Flails
 + Level 0.7 Polearms
 + Level 0.7 Staves
 + Level 0.7 Ranged Weapons
 + Level 0.7 Throwing
 + Level 0.7 Armour
 + Level 4.5 Dodging
 + Level 4.1 Stealth
 + Level 0.7 Shields
 + Level 0.7 Unarmed Combat
 + Level 5.0 Spellcasting
 + Level 0.5 Conjurations
 + Level 0.5 Hexes
 + Level 0.5 Summonings
 + Level 7.1 Necromancy
 + Level 0.5 Translocations
 + Level 0.5 Transmutations
 + Level 0.5 Fire Magic
 + Level 0.5 Ice Magic
 + Level 0.5 Air Magic
 + Level 0.5 Earth Magic
 + Level 0.5 Poison Magic
 + Level 0.9 Invocations
 + Level 0.7 Evocations


You had 11 spell levels left.
You knew the following spells:

 Your Spells              Type           Power      Damage    Failure   Level
a - Necrotise             Necr           100%       1d9       67%         1

Your spell library contained the following spells:

 Spells                   Type           Power      Damage    Failure   Level
 Vampiric Draining        Necr           26%        2d7       95%         3
 Summon Small Mammal      Summ           20%        N/A       100%        1
 Call Canine Familiar     Summ           5%         N/A       100%        3
 Summon Guardian Golem    Hex/Summ       5%         N/A       100%        3
 Animate Dead             Necr           26%        N/A       100%        4
 Agony                    Necr           26%        N/A       100%        5


Dungeon Overview and Level Annotations

Branches:
Dungeon (2/15)

Altars:


Innate Abilities, Weirdness & Mutations

You have very sharp teeth.
Your uncanny sense of smell can sniff out nearby items.
Your experience applies equally to all skills.


Message History

You now have 96 gold pieces (gained 3).
You see here a +1 hat.
Found a stone staircase leading down.
There is a stone staircase leading down here.
An adder comes into view.
An adder is nearby!
A worm comes into view.
Found 10 gold pieces.
A hobgoblin comes into view.
The helpless adder fails to defend itself.
You puncture the adder!
The adder is almost dead.
The adder bites you. You block the adder's attack.
You hit the worm.
The worm is lightly wounded.
The adder bites you.
You are poisoned.
The adder poisons you! You block the adder's attack.
You block the worm's attack.
You hit the worm but do no damage.
The worm is lightly wounded.
You feel very sick. The adder bites you but does no damage.
You barely miss the adder.
The adder is severely wounded.
You feel sick. The adder bites you but does no damage.
You block the worm's attack. The adder bites you.
You closely miss the adder.
The adder is severely wounded.
You feel sick. You block the adder's attack. The worm bites you!
* * * LOW HITPOINT WARNING * * *
The adder bites you.
* * * LOW HITPOINT WARNING * * *
You are lethally poisoned!
The adder poisons you!
It was a potion of invisibility.
You fade into invisibility!
* * * LOW HITPOINT WARNING * * *
You feel sick. The adder bites you but does no damage. The worm bites you!
You die...

# ....... ###
.......g...... #.....)
..#####...............
....
.....................
.##. ....#.
...........###+ #. ....+
............... ## #.
....# ...............
... #. ......#
.......wS...... ...###.
.#...##
.......@................
.#...#
##......................
.......
..........#.............
........
..........#..... #......
.......................#
#......
..........$#...#.......#
#...... .... .
#...#.##....# #......
.... #...#.......##
#...... ####
#...###.>....# #......


You could see a worm (unable to see you), an adder (unable to see you) and a
hobgoblin (asleep).

Vanquished Creatures
  An adder (D:2)
  A bat (D:1)
  2 endoplasms
  2 giant cockroaches (D:1)
  3 goblins
  A hobgoblin (D:2)
  3 quokkas (D:1)
  3 ball pythons
  A frilled lizard (D:2)
  A kobold (D:1)
  A rat (D:1)
19 creatures vanquished.

Vanquished Creatures (collateral kills)
  An endoplasm (D:1)
1 creature vanquished.

Grand Total: 20 creatures vanquished

Notes
Turn   | Place    | Note
-------+----------+-------------------------------------------
     0 | D:1      | Unglued128 the Gnoll Necromancer began the quest for the
                  | Orb.
     0 | D:1      | Reached XP level 1. HP: 13/13 MP: 6/6
   278 | D:1      | Reached XP level 2. HP: 19/19 MP: 4/7
   700 | D:2      | Reached skill level 5 in Spellcasting
   700 | D:2      | Reached XP level 3. HP: 22/25 MP: 7/9
   983 | D:2      | Slain by a worm

Illustrated notes

Levels and vault maps discovered:
D:1:      dpeg_arrival_houses_and_road, layout_loops_ring
D:2:      layout_basic

Skill      XL: |  1  2 |
---------------+-------+-----
Spellcasting   | 5 |  5.0
Fighting       | |  0.7
Short Blades   | |  0.7
Long Blades    | |  0.7
Axes           | |  0.7
Maces & Flails | |  0.7
Polearms       | |  0.7
Staves         | |  0.7
Ranged Weapons | |  0.7
Throwing       | |  0.7
Armour         | |  0.7
Dodging        | |  4.5
Stealth        | |  4.1
Shields        | |  0.7
Unarmed Combat | |  0.7
Conjurations   | |  0.5
Hexes          | |  0.5
Summonings     | |  0.5
Necromancy     | |  7.1
Translocations | |  0.5
Transmutations | |  0.5
Fire Magic     | |  0.5
Ice Magic      | |  0.5
Air Magic      | |  0.5
Earth Magic    | |  0.5
Poison Magic   | |  0.5
Invocations    | |  0.9
Evocations     | |  0.7

Action                     || total
---------------------------++-------
  Melee: Whip              ||     5
         Unarmed           ||     3
         Short sword       ||    35
         Punch             ||     1
   Cast: Necrotise         ||     7
    Use: Scroll            ||     4
         Potion            ||     1
   Stab: Distracted        ||     2
         Sleeping          ||     9
 Armour: Robe              ||     5
  Dodge: Dodged            ||    12
  Block: Tower shield      ||     5
